 Dungeon Crawl Stone Soup version 0.21.1-1-g345015f (webtiles) character file.

262 glosham the Chopper (level 6, -2/63 HPs)
             Began as an Octopode Berserker on Apr 7, 2018.
             Was a Believer of Trog.
             Slain by Pikel
             ... wielding a +0 whip of flaming
              (5 damage)
             ... on level 5 of the Dungeon.
             The game lasted 00:17:22 (1272 turns).

glosham the Chopper (Octopode Berserker)            Turns: 1272, Time: 00:17:22

Health: -2/63      AC:  1    Str: 23    XL:     6   Next: 18%
Magic:  6/6        EV: 14    Int: 10    God:    Trog [**....]
Gold:   152        SH:  0    Dex: 11    Spells: 5/5 levels left

rFire    . . .     SeeInvis .   a - +0 hand axe
rCold    . . .     Gourm    .   (no shield)
rNeg     . . .     Faith    .   (helmet restricted)
rPois    .         Spirit   .   (no amulet)
rElec    .         Reflect  .   (no ring)
rCorr    .         Harm     .   (no ring)
MR       .....                  (no ring)
Stlth    ..........             (no ring)
HPRegen  0.20/turn              (no ring)
MPRegen  0.10/turn              (no ring)
                                (no ring)
                                (no ring)

@: berserking (expiring), very quick
A: almost no armour, stealthy swim, amphibious, 8 rings, constrict 8, camouflage
1, gelatinous body 1
a: Berserk, Trog's Hand, Burn Spellbooks, Renounce Religion


You were on level 5 of the Dungeon.
You worshipped Trog.
Trog was pleased with you.
You were very hungry.

You visited 1 branch of the dungeon, and saw 5 of its levels.

You collected 152 gold pieces.

Inventory:

Hand Weapons
 a - a +0 hand axe (weapon)
Wands
 k - a wand of flame (22)
Scrolls
 h - 2 scrolls of remove curse
Potions
 d - 3 potions of ambrosia
 f - 2 potions of might
 g - 3 potions of heal wounds
 i - 2 potions of curing
 j - a potion of magic {unknown}
Books
 e - a book of Minor Magic

   Spells                             Type                      Level
   a - Magic Dart                     Conjuration                  1
   b - Blink                          Translocation                2
   c - Call Imp                       Summoning                    2
   d - Slow                           Hexes                        2
   e - Conjure Flame                  Conjuration/Fire             3
   f - Mephitic Cloud                 Conjuration/Poison/Air       3
   Trog disapproves of the use of such an item.
Comestibles
 b - 4 rations
 c - 4 chunks of flesh


   Skills:
 - Level 3.0 Fighting
 * Level 6.7 Axes
 - Level 3.0 Dodging


You had 5 spell levels left.
You didn't know any spells.

Dungeon Overview and Level Annotations

Branches:
Dungeon (5/15)
 Temple: D:4-7

Altars:

Annotations:
D:5 Pikel


Innate Abilities, Weirdness & Mutations

You cannot wear most types of armour.
You are very stealthy in the water. (Stealth+)
You are amphibious.
You can wear up to eight rings at the same time.
You can use your tentacles to constrict eight enemies at once.
Your skin changes colour to match your surroundings (Stealth+).
Your rubbery body absorbs attacks. (AC +1, EV +1)


Message History

You kill the frilled lizard!
Trog accepts your kill.
A slave comes into view.
Pikel the Slaver comes into view.
He is wielding a whip of flaming.
A slave comes into view.
A red film seems to cover your vision as you go berserk!
You feel yourself moving faster!
You feel mighty!
You are feeling very hungry.
Pikel shouts!
The slave shouts!
You slash the slave! Your grab misses the slave.
The slave is moderately wounded.
The slave hits you.
A slave comes into view.
You closely miss the slave.
The slave shouts!
Your grab misses the slave. Your squeeze misses the slave.
The slave is moderately wounded.
You completely miss the slave. You grab the slave. You squeeze the slave!
The slave is severely wounded.
You constrict the slave. The slave closely misses you.
You slash the slave!
You kill the slave!
That felt strangely unrewarding.
Pikel zaps a wand.
The bolt of acid hits you!
You are splashed with acid!
The acid burns!
It is a wand of acid (1).
A slave comes into view.
The slave shouts!
You see here an animal skin.
You feel a strong urge to attack something.
Pikel zaps a wand.
The bolt of acid misses you.
The now-empty wand crumbles to dust.
You hit Pikel. Your grab misses Pikel.
Pikel is lightly wounded.
Pikel hits you with a whip of flaming! Pikel burns you.
* * * LOW HITPOINT WARNING * * *
You slash Pikel! You grab Pikel.
Pikel is moderately wounded.
You constrict Pikel. Pikel hits you with a whip of flaming!
* * * LOW HITPOINT WARNING * * *
Pikel burns you.
You die...

.#..###......#
S.......#....#
#<.....#
##.....###...
##.....)....
#...###... #...#
#############...##...
...pppK@[..........#
####################


You could see Pikel and 3 slaves.

Vanquished Creatures
  The ghost of Tiareth the Magician, an amateur DEWz (D:3)
  A slave (D:5)
  An orc priest (D:4)
  Ijyb (D:3)
  A worker ant zombie (D:3)
  4 adders
  2 dart slugs (D:1)
  5 orcs
  9 bats
  2 giant cockroaches (D:3)
  6 goblins
  5 hobgoblins
  A quokka (D:3)
  3 frilled lizards
  2 kobolds
  6 rats
50 creatures vanquished.

Notes
Turn   | Place    | Note
-------+----------+-------------------------------------------
     0 | D:1      | glosham the Octopode Berserker began the quest for the Orb.
     0 | D:1      | Reached XP level 1. HP: 16/16 MP: 1/1
   146 | D:1      | Reached XP level 2. HP: 21/21 MP: 2/2
   398 | D:1      | Reached skill level 4 in Axes
   479 | D:1      | Reached XP level 3. HP: 23/26 MP: 3/3
   821 | D:3      | Noticed Tiareth's ghost (amateur DEWz)
   832 | D:3      | Killed Tiareth's ghost
   832 | D:3      | Reached ** piety under Trog
   832 | D:3      | Reached skill level 5 in Axes
   832 | D:3      | Reached XP level 4. HP: 17/31 MP: 4/4
   832 | D:3      | Reached XP level 5. HP: 20/36 MP: 5/5
   881 | D:3      | Noticed Ijyb
   889 | D:3      | Killed Ijyb
   889 | D:3      | Reached skill level 6 in Axes
  1106 | D:3      | Reached XP level 6. HP: 34/42 MP: 6/6
  1248 | D:5      | Entered Level 5 of the Dungeon
  1260 | D:5      | Noticed a slave
  1262 | D:5      | Noticed Pikel
  1263 | D:5      | Noticed a slave
  1266 | D:5      | Noticed a slave
  1268 | D:5      | Killed a slave
  1269 | D:5      | Noticed a slave
  1272 | D:5      | HP: 3/63 [Pikel/whip of flaming (10)]
  1272 | D:5      | Slain by Pikel

Skill      XL: |  1  2  3  4  5 |
---------------+----------------+-----
Axes           | 4 5 6 |  6.7
Fighting       | |  3.0
Dodging        | |  3.0

Action                   |  1- 3 |  4- 6 || total
-------------------------+-------+-------++-------
Melee: Hand axe          |    43 |    51 ||    94
       Constrict         |    13 |    18 ||    31
       Tentacles         |     9 |    13 ||    22
Invok: Berserk           |     1 |     2 ||     3
  Use: Scroll            |     7 |     3 ||    10
 Stab: Sleeping          |     4 |     3 ||     7
  Eat: Chunk             |       |     3 ||     3
Armor: Skin              |     4 |     2 ||     6
Dodge: Dodged            |    14 |    28 ||    42

Table legend:
 A = Turns spent in this place as a percentage of turns spent in the entire game.
 B = Non-inter-level travel turns spent in this place as a percentage of non-inter-level travel turns spent in the entire game.
 C = Inter-level travel turns spent in this place as a percentage of turns spent in this place.
 D = Turns resting spent in this place as a percentage of non-inter-level travel turns spent in this place.
 E = Turns spent auto-exploring this place as a percentage of non-inter-level travel turns spent in this place.
 F = Non-inter-level travel turns spent in this place divided by the number of levels of this place that you've seen.
                   A       B       C       D       E      F
               +-------+-------+-------+-------+-------+----------------------
         Total | 100.0 | 100.0 |   6.7 |   0.0 |   0.0 | 237.4
       Dungeon | 100.0 | 100.0 |   6.7 |   0.0 |   0.0 | 237.4
               +-------+-------+-------+-------+-------+----------------------

Table legend:
 A = Kills in this place as a percentage of kills in entire the game.
 B = Kills by you in this place as a percentage of kills by you in the entire game.
 C = Kills by friends in this place as a percentage of kills by friends in the entire game.
 D = Other kills in this place as a percentage of other kills in the entire game.
 E = Experience gained in this place as a percentage of experience gained in the entire game.
 F = Experience gained in this place divided by the number of levels of this place that you have seen.
                   A       B       C       D       E      F
               +-------+-------+-------+-------+-------+----------------------
         Total | 100.0 | 100.0 |   N/A |   N/A | 100.0 |  75.0
       Dungeon | 100.0 | 100.0 |   N/A |   N/A | 100.0 |  75.0
               +-------+-------+-------+-------+-------+----------------------

Vault maps used:
D:1:      lightli_iron_boxes
D:2:      old_standard_altar, minmay_misc_feat_iff, hex_large
D:3:      makhleb_grotto_becter, first_ration, uniq_ijyb
D:4:      elyvilon_altar_1, serial_shops, shop
D:5:      uniq_pikel
